 Dungeon Crawl Stone Soup version 0.28-b1-25-g9875b3fc8c (webtiles) character file.

Game seed: 8613184849543510980

5 croobank the Sneak (level 1, -4/10 HPs)
             Began as a Felid Delver on Feb 2, 2022.
             Slain by a hobgoblin (5 damage)
             ... on level 1 of the Dungeon.
             The game lasted 00:01:44 (561 turns).

croobank the Sneak (Felid Delver)                    Turns: 561, Time: 00:01:44

Health: -4/10      AC:  1    Str:  8    XL:     1   Next: 66%
Magic:  2/2        EV: 17    Int: 11    God:
Gold:   13         SH:  0    Dex: 17    Spells: 0/0 levels left
                                        Lives:  0   Deaths: 0

rFire   . . .      SeeInvis +     - Unarmed
rCold   . . .      Faith    .   (shield unavailable)
rNeg    . . .      Spirit   .   (armour unavailable)
rPois   .          Reflect  .   (helmet unavailable)
rElec   .          Harm     .   (cloak unavailable)
rCorr   +          Rampage  .   (gloves unavailable)
Will    .....                   (boots unavailable)
Stlth   ++++......              (no amulet)
HPRegen 0.03/turn               l - ring of resist corrosion
MPRegen 0.08/turn               (no ring)

@: quick
A: very small, claws 1, fangs 3, see invisible, speed 1, shaggy fur 1, stealthy
paws, no weapons or thrown items, no armour, multi-lived
a: no special abilities


You were on level 1 of the Dungeon.
You visited 1 branch of the dungeon, and saw 5 of its levels.

You collected 13 gold pieces.

Inventory:

Missiles
 f - 19 sling bullets
 g - 14 stones
Jewellery
 l - a ring of resist corrosion (left paw)
Wands
 e - a wand of digging (3)
Scrolls
 a - a scroll of fog
 b - a scroll of magic mapping
 c - a scroll of fear
 i - a scroll of identify {unknown}
 j - a scroll of vulnerability {unknown}
Potions
 d - 2 potions of haste
 h - a potion of invisibility {unknown}
 k - a potion of might {unknown}


   Skills:
 + Level 3.0 Fighting
 + Level 2.7 Dodging
 + Level 6.8 Stealth
 + Level 2.1 Unarmed Combat


You couldn't memorise any spells.
You didn't know any spells.
Your spell library was empty.

Dungeon Overview and Level Annotations

Branches:
Dungeon (5/15)
 Temple: D:4-7

Altars:


Innate Abilities, Weirdness & Mutations

You have sharp claws.
You have razor-sharp teeth.
You have supernaturally acute eyesight. (SInv)
You cover ground quickly. (Speed+)
You are covered in fur. (AC +1)
Your paws help you pounce on unaware monsters.
You are incapable of wielding weapons or throwing items.
You cannot wear armour.
You gain extra lives every three experience levels.


Message History

You are frozen.
Ouch! That really hurt!
You scratch the endoplasm but do no damage.
The endoplasm is almost dead.
The endoplasm hits you but does no damage.
You scratch the endoplasm.
You kill the endoplasm!
You start resting.
HP restored.
A rat comes into view.
Found an opal ring.
A frilled lizard comes into view.
Found 10 stones.
Found a hand axe.
You see here a ring of resist corrosion.
l - a ring of resist corrosion
l - a ring of resist corrosion (left paw)
Found 15 arrows.
The helpless frilled lizard fails to defend itself.
You mangle the frilled lizard!!
You kill the frilled lizard!
A frilled lizard comes into view.
A goblin comes into view. It is wielding a +4 dagger.
A hobgoblin comes into view.
You see here 10 stones.
You pounce on the unaware helpless frilled lizard!
You mangle the frilled lizard!!
You kill the frilled lizard!
You see here 10 stones.
The goblin shouts!
You closely miss the goblin. The goblin misses you. The hobgoblin hits you.
You barely miss the goblin. The goblin hits you with a +4 dagger!
Ouch! That really hurt!
* * * LOW HITPOINT WARNING * * *
The hobgoblin barely misses you.
You scratch the goblin.
The goblin is moderately wounded.
The goblin barely misses you. The hobgoblin hits you.
Ouch! That really hurt!
You die...

..................
...##..#..##....##
................## #
#...##.#..##.....r ..
#..............r###.#
#.........##........#
#......#..##........
....##.#..###...#######
...........(....@g....#
..........###..g#####.#
....................
....####..###........
#.#.# #..# #.#.#####
#.#.# ##.# #.#.# .....
... ..... #.#...
......#.## ..(.... ....


You could see a hobgoblin, a goblin and a rat.

Vanquished Creatures
  An endoplasm (D:1)
  A giant cockroach (D:2)
  A ball python (D:1)
  2 frilled lizards (D:1)
  A kobold (D:2)
6 creatures vanquished.

Notes
Turn   | Place    | Note
-------+----------+-------------------------------------------
     0 | D:5      | croobank the Felid Delver began the quest for the Orb.
     0 | D:5      | Reached XP level 1. HP: 10/10 MP: 2/2
     3 | D:5      | Noticed a gnoll shaman
    47 | D:3      | Noticed an orc priest
    50 | D:3      | Noticed an orc priest
   561 | D:1      | Slain by a hobgoblin

Illustrated notes

Levels and vault maps discovered:
D:1:      dpeg_arrival_rooms_b, layout_basic, chequers_serial_rivers_small_3
D:2:      layout_basic, basic_ecumenical_altar, serial_bayou_pond_e
D:3:      minmay_chambers_of_twos, layout_rooms
D:4:      nicolae_cairo_tiling_large, layout_basic, trog_book, serial_shops,
          nicolae_shop_advertising_works [nicolae_subvault_shop_adworks],
          uniq_sigmund
D:5:      minmay_angry_zag, layout_loops_ring, hellmonk_ghost_happy_afterlife,
          minmay_fractal_squares_gapless_5, uniq_menkaure

Action                   || total
-------------------------++-------
Melee: Unarmed           ||    16
       Punch             ||     1
 Stab: Sleeping          ||     2
       Distracted        ||     1
Armor: Skin              ||     1
Dodge: Dodged            ||     7
